Unix NetHack Version 3.7.0-64 Work-in-progress - last build Sep 20 2022 23:52:18 (2efdc47de06bbc12dbc956ebf73d51181633095d,branch:master). Game began 2022-09-22 17:24:15, ended 2022-09-22 20:40:05. adinthrae, lawful female human Valkyrie ------- |..|..----- ----------------.........| |@...........f...-...|...| |q------------.....-.---.| |..S.a....| --.|........| |Soe......| |.--..----.| |o..B.....| |..|.......| |..o......| |-.........| |....<....| |.00|...|0.| |.........| |.-.-----..| |.........| |........0.| |.........| -------->.-- ----------- ---- Adinthrae the Fighter St:17 Dx:14 Co:18 In:8 Wi:9 Ch:9 Lawful S:2148 Dlvl:4 $:266 HP:0(54) Pw:18(18) AC:-4 Xp:6/408 T:3881 Blind Latest messages: You hit the hill orc. The hill orc hits! You hit the hill orc. The hill orc hits! You kill the hill orc! You hit the mumak. The mumak misses! The mumak bites! You miss the mumak. The mumak butts! The mumak just misses! Are you sure you want to pray? [yn] (n) You begin praying to Tyr. The mumak starts to attack you, but pulls back. The mumak starts to attack you, but pulls back. The mumak starts to attack you, but pulls back. You finish your prayer. You feel that Tyr is well-pleased. Really save? [yn] (n) Saving... Restoring save file... Velkommen adinthrae, the human Valkyrie, welcome back to NetHack! # Are you sure you want to pray? [yn] (n) You begin praying to Tyr. The mumak just misses! The mumak bites! The mumak butts! You die... Do you want your possessions identified? [ynq] (y) Inventory: Coins $ - 266 gold pieces Weapons t - 9 +0 arrows b - a blessed +0 dagger a - a +1 spear (weapon in hand) K - a blessed +1 long sword B - a +0 long sword Armor n - an uncursed +0 pair of iron shoes (being worn) c - an uncursed +3 small shield (being worn) p - an uncursed +2 dwarvish cloak (being worn) D - a cursed -1 mummy wrapping l - an uncursed +0 banded mail (being worn) Comestibles x - an uncursed food ration J - an uncursed food ration G - an uncursed fortune cookie H - 2 uncursed tins of soup made from bugbear meat Scrolls C - an uncursed scroll of destroy armor w - an uncursed scroll of identify E - an uncursed scroll of identify v - a cursed scroll of light Potions r - an uncursed potion of invisibility I - an uncursed potion of object detection z - an uncursed potion of paralysis s - a blessed potion of see invisible e - an uncursed potion of sleeping k - an uncursed potion of water Rings A - a blessed +2 ring of gain strength f - an uncursed ring of regeneration y - an uncursed ring of searching Wands d - a cursed wand of make invisible (0:4) Tools j - a cursed credit card q - a +0 pick-axe Adinthrae the Valkyrie's attributes: Background: You were a Fighter, a level 6 human Valkyrie. You were lawful, on a mission for Tyr who was opposed by Odin (neutral) and Loki (chaotic). You were in Sokoban, on level 4. You entered the dungeon 3881 turns ago. You had 408 experience points, 232 more were needed to attain level 7. Your score was 2148 before end-of-game adjustments. Basics: You had 0 out of 54 hit points. You had all 18 energy points (spell power). Your armor class was -4. Your wallet contained 266 zorkmids. Autopickup was off. Final Characteristics: Your strength was 17 (limit:18/100). Your dexterity was 14 (limit:18). Your constitution was 18 (limit:18). Your intelligence was 8 (limit:18). Your wisdom was 9 (limit:18). Your charisma was 9 (limit:18). Final Status: You were temporarily blind. You were not hungry. You were unencumbered. You were wielding a spear. You were skilled in spear. Final Attributes: You were piously aligned. You were cold resistant. You were telepathic. You were stealthy. You were warded. You are dead. Miscellaneous: You never encountered a bones level. Total elapsed playing time was 29 minutes and 56 seconds. Major events: Turn 1: adinthrae the lawful human Valkyrie entered the dungeon 779: entered the Gnomish Mines 783: attained the rank of Skirmisher (level 3) 2835: entered Sokoban 2932: attained the rank of Fighter (level 6) 3200: completed 1st Sokoban level 3850: completed 2nd Sokoban level 3881: killed by a mumak, while praying Vanquished creatures: a small mimic a leprechaun a jaguar a gnome mummy 2 apes a mountain nymph a yellow light a gnome leader 4 giant ants 2 floating eyes a kitten 3 dwarves a homunculus 2 hill orcs 2 rothes 2 rabid rats 3 orc zombies 2 wererats 5 iguanas an acid blob 3 coyotes a gas spore 2 manes a large kobold 3 giant rats 2 yellow molds a green mold 9 gnomes a gnome zombie 2 geckos 4 jackals 3 foxes a kobold 3 goblins a grid bug a lichen 2 newts 77 creatures vanquished. No species were genocided or became extinct. Voluntary challenges: You read items or engraved 2 times. You engraved Elbereth 1 time. You never genocided any monsters. You never polymorphed an object. You never changed form. You used no wishes. You did not violate any of the special Sokoban rules. Achievements: You entered the Gnomish Mines. You attained the rank of Skirmisher. You entered a shop. You entered Sokoban. You attained the rank of Fighter. The Dungeons of Doom: levels 1 to 6 Level 1: Some fountains. Level 2: A fountain, a grave. Stairs down to The Gnomish Mines. Level 3: A weapon shop. Level 4: An altar to Tyr. Level 5: Level 6: Stairs up to Sokoban, level 5. The Gnomish Mines: Level 3: Sokoban: levels 5 up to 4 Level 4: <- You were here. Solved. Final resting place for you, killed by a mumak, while praying. Level 5: Solved. Game over: ---------- / \ / REST \ / IN \ / PEACE \ / \ | adinthrae | | 266 Au | | killed by a | | mumak | | | | | | 2022 | *| * * * | * _________)/\\_//(\/(/\)/\//\/|_)_______ Farvel adinthrae the Valkyrie... You died in Sokoban on dungeon level 4 with 2122 points, and 266 pieces of gold, after 3881 moves. You were level 6 with a maximum of 54 hit points when you died.